 Dungeon Crawl Stone Soup version 0.20.1-1-g8b1a95d (webtiles) character file.

175 sprush the Caller (level 5, 0/54 HPs)
             Began as a Barachi Summoner on Oct 31, 2017.
             Slain by an ooze (1 damage)
             ... in a sewer.
             The game lasted 00:32:18 (3083 turns).

sprush the Caller (Barachi Summoner)                Turns: 3083, Time: 00:32:19

Health: 0/54       AC: 22    Str:  9      XL:     5   Next: 55%
Magic:  3/11       EV:  2    Int: 15 (17) God:
Gold:   78         SH:  0    Dex: 14      Spells: 8/12 levels left

rFire    . . .     SeeInvis .   s - +0 quarterstaff
rCold    . . .     Gourm    .   (shield currently unavailable)
rNeg     + + +     Faith    .   (armour currently unavailable)
rPois    +         Spirit   .   (helmet currently unavailable)
rElec    .         Reflect  .   (cloak currently unavailable)
rCorr    .         Harm     .   (gloves currently unavailable)
MR       .....     NoTele   +   (boots currently unavailable)
Stlth    ++........             (no amulet)
Regen    0.2/turn               h - +2 ring of evasion
MPRegen  0.2/turn               (no ring)

@: tree-form, drained, very slow
A: +LOS, swims, agile 1
a: no special abilities


You were in a sewer.
You were hungry.
You were a tree.
You visited 1 branch of the dungeon, and saw 3 of its levels.
You also visited: Sewer.

You collected 78 gold pieces.

Inventory:

Hand Weapons
 s - a +0 quarterstaff (weapon)
Missiles
 e - 78 stones (quivered)
 k - 33 sling bullets
 o - 14 poisoned needles
 r - 11 arrows
Armour
 a - a +0 robe (melded)
 f - a +0 leather armour
 g - a +0 pair of gloves (melded)
 u - a +0 pair of boots (melded)
 y - a +0 crystal plate armour
Jewellery
 h - a +2 ring of evasion (left branch)
 q - an uncursed amulet of harm
Scrolls
 d - a scroll of enchant weapon {unknown}
 i - 2 scrolls of magic mapping
 l - 3 scrolls of identify
 m - a scroll of random uselessness {unknown}
 x - a scroll of remove curse
Potions
 n - a potion of haste
 t - a potion of mutation
 z - 2 potions of flight
 A - a potion of curing {unknown}
Books
 b - a book of Callings

   Spells                             Type                      Level
   a - Summon Small Mammal            Summoning                    1
   b - Call Imp                       Summoning                    2
   c - Call Canine Familiar           Summoning                    3
   d - Summon Guardian Golem          Hexes/Summoning              3
   e - Summon Lightning Spire         Summoning/Air                4
   f - Summon Ice Beast               Ice/Summoning                4
Comestibles
 c - 2 bread rations
 p - a royal jelly
 w - 2 meat rations


   Skills:
 + Level 0.5(0.1) Fighting
 + Level 0.4(0.0) Staves
 + Level 2.5(2.1) Dodging
 + Level 1.9(1.5) Stealth
 + Level 4.0(3.6) Spellcasting
 + Level 6.3(5.8) Summonings


You had 8 spell levels left.
You knew the following spells:

 Your Spells              Type           Power        Failure   Level  Hunger
a - Summon Small Mammal   Summ           ###.         1%          1    None
b - Call Canine Familiar  Summ           ###.....     4%          3    ###....


Dungeon Overview and Level Annotations

Branches:
Dungeon (3/15)

Altars:


Innate Abilities, Weirdness & Mutations

Shadows flee at your approach. (+LOS)
You can swim through water.
((You cover ground slowly.))
((You can hop short distances.))
((You have a pair of small horns on your head.))
((You are partially covered in iridescent scales. (AC +2)))
You are agile. (Dex +2)


Message History

* * * LOW HITPOINT WARNING * * *
The bullfrog barely misses you.
You hit the bullfrog.
The bullfrog is severely wounded.
The bullfrog hits you.
* * * LOW HITPOINT WARNING * * *
The ooze hits you.
* * * LOW HITPOINT WARNING * * *
The bullfrog hits you but does no damage.
You miss the bullfrog.
The bullfrog is severely wounded.
The bullfrog hits you but does no damage.
The ooze hits you but does no damage.
The bullfrog hits you but does no damage.
You closely miss the bullfrog.
The bullfrog is severely wounded.
The ooze hits you but does no damage.
The bullfrog hits you but does no damage.
The ooze hits you.
You die...

#≈.#.≈≈≈###≈.≈###≈.≈.#
##..#≈≈≈##≈≈≈≈≈≈.##≈≈≈#
#..##.≈##.≈≈.≈≈.≈≈##≈≈##
#∩.#.≈≈#≈.≈≈≈≈≈≈≈≈≈#≈.≈#
#..#≈.##.≈≈#####≈≈≈##.≈#
##†##≈≈#≈≈≈## ##≈≈.#≈≈#
#.≈#≈.≈#≈≈## ##.≈#≈≈≈
#..#≈###≈≈# #≈≈##≈≈
#≈≈#.#≈†♣## ##.≈#≈.
#≈≈#≈#∩JF# #≈≈#≈≈
#≈≈#.#≈≈≈# #≈≈#≈≈
#..#÷##≈÷# #÷≈#..
#≈.#≈≈#..# #≈≈#≈≈
#≈≈#.≈#≈.# #≈≈#.≈
#..≈≈≈#..# ##.≈#≈≈
#≈≈%.≈#..≈†l≈≈.≈≈ #†.##≈≈
#.≈≈≈≈###†.≈≈≈≈≈≈##≈≈#.≈≈


You could see a bullfrog and an ooze.

Vanquished Creatures
  A bullfrog (Sewer)
  An adder (Sewer)
  6 leopard geckos
  4 bats
  3 giant cockroaches
  3 ball pythons
  3 frilled lizards
  A kobold (D:1)
  A rat (D:2)
23 creatures vanquished.

Vanquished Creatures (collateral kills)
  A river rat (D:3)
  6 adders
  5 oozes (Sewer)
  A dart slug (D:1)
  4 leopard geckos
  10 giant cockroaches (Sewer)
  A goblin (D:3)
  A hobgoblin (D:2)
  11 ball pythons
  5 bats
  11 frilled lizards
  5 kobolds
  7 rats
68 creatures vanquished.

Grand Total: 91 creatures vanquished

Notes
Turn   | Place    | Note
-------+----------+-------------------------------------------
     0 | D:1      | sprush the Barachi Summoner began the quest for the Orb.
     0 | D:1      | Reached XP level 1. HP: 13/13 MP: 3/3
    45 | D:1      | Reached skill level 5 in Summonings
   567 | D:1      | Reached XP level 2. HP: 19/19 MP: 1/5
  1276 | D:2      | Gained mutation: You are agile. (Dex +2) [potion of mutation]
  1276 | D:2      | Gained mutation: You are partially covered in iridescent scales. (AC +2) [potion of mutation]
  1276 | D:2      | Gained mutation: You have a pair of small horns on your head. [potion of mutation]
  1695 | D:2      | Reached XP level 3. HP: 16/24 MP: 0/7
  1951 | D:2      | Learned a level 3 spell: Call Canine Familiar
  2155 | D:3      | Found a glowing drain.
  2190 | Sewer    | Entered a sewer
  2272 | Sewer    | Reached XP level 4. HP: 26/30 MP: 1/8
  2571 | Sewer    | Reached skill level 6 in Summonings
  2683 | Sewer    | Reached XP level 5. HP: 36/36 MP: 1/10
  3081 | Sewer    | HP: 1/54 [ooze (3)]
  3083 | Sewer    | Slain by an ooze

Skill      XL: |  1  2  3  4  5 |
---------------+----------------+-----
Summonings     | 5 6 |  6.3
Spellcasting   | 3 4 |  4.0
Fighting       | |  0.5
Staves         | |  0.4
Dodging        | |  2.5
Stealth        | |  1.9

Action                   |  1- 3 |  4- 6 || total
-------------------------+-------+-------++-------
Melee: Unarmed           |    14 |       ||    14
       Dagger            |    11 |       ||    11
       Quarterstaff      |    24 |    54 ||    78
       Spear             |     5 |       ||     5
       Headbutt          |     3 |     3 ||     6
Throw: Stone             |     5 |       ||     5
 Cast: Summon Small Mamm |    61 |    25 ||    86
       Call Canine Famil |     6 |    11 ||    17
 Abil: Hop               |     1 |     1 ||     2
  Use: Potion            |     7 |     2 ||     9
       Scroll            |     2 |       ||     2
  Eat: Chunk             |     7 |     4 ||    11
Armor: Robe              |    24 |    13 ||    37
       Skin              |       |    45 ||    45
Dodge: Dodged            |    75 |    45 ||   120
